 Dungeon Crawl Stone Soup version 0.30.1-3-gfc49f6343a (webtiles) character file.

Game seed: 7240504438352474237

240045 cheesebisquit the Warrior (level 19, -8/185 HPs)
             Began as a Hill Orc Monk on July 27, 2023.
             Was a Priest of Beogh.
             Mangled by a deep elf blademaster
             ... wielding a +0 rapier
              (17 damage)
             ... on level 2 of the Elven Halls on July 28, 2023.
             The game lasted 02:44:50 (45542 turns).

cheesebisquit the Warrior (Hill Orc Monk)          Turns: 45542, Time: 02:44:51

Health: -8/185     AC: 32    Str: 28    XL:     19   Next: 31%
Magic:  38/38      EV:  9    Int: 10    God:    Beogh [***...]
Gold:   1592       SH: 26    Dex: 17    Spells: 16/18 levels left

rFire   + . .        l - +16 consecrated labrys {holy, Valiant Fragile Fly SInv}
rCold   + . .        s - +0 tower shield
rNeg    . . .        H - +5 plate armour of Anufuosch {+Blink MP+9}
rPois   +            K - +1 hat "Yxueqoinn" {Dex+4}
rElec   +            d - +0 cloak {rCorr}
rCorr   +            D - +2 pair of gloves
SInv    +            z - +1 pair of boots
Will    +....        N - amulet of reflection Stlth
                     w - +6 ring of strength
HPRegen 0.50/turn    A - ring of poison resistance
MPRegen 0.26/turn

%: reflection
@: resistant, flying
A: no striking features
}: 2/15 runes: decaying, serpentine
a: Renounce Religion, Evoke Blink, Smiting


You were on level 2 of the Elven Halls.
You worshipped Beogh.
Beogh was most pleased with you.
You visited 7 branches of the dungeon, and saw 33 of its levels.
You visited 1 bazaar.

You collected 4522 gold pieces.
You spent 2930 gold pieces at shops.

Inventory:

Hand Weapons
 l - the +16 consecrated labrys (weapon) {holy, Valiant Fragile Fly SInv}
   (You bought it in a shop in a bazaar)

   Valiant:   It becomes more powerful as more dangerous foes come into view.
   SInv:      It lets you see invisible.
   Fly:       It grants you flight.
   Fragile:   It will be destroyed if unequipped.
 S - a +3 broad axe of flaming
Missiles
 v - 67 poisoned darts
 F - 11 atropa-tipped darts
 I - 6 curare-tipped darts
 J - a throwing net
 Q - 9 datura-tipped darts
 U - 2 silver boomerangs (quivered)
Armour
 d - a +0 cloak of preservation (worn)
 s - a +0 tower shield (worn)
 z - a +1 pair of boots (worn)
 B - an orb of light
 D - a +2 pair of gloves (worn)
 H - the +5 plate armour of Anufuosch (worn) {+Blink MP+9}
   (You bought it in a shop in a bazaar)

   MP:        It affects your magic capacity (+9).
   +Blink:    It lets you blink.
 K - the +1 hat "Yxueqoinn" (worn) {Dex+4}
   (You found it on level 5 of the Lair of Beasts)

   Dex:       It affects your dexterity (+4).
 V - a +2 plate armour of cold resistance
Jewellery
 m - an amulet of regeneration
 w - a +6 ring of strength (left hand)
 y - a +5 ring of evasion
 A - a ring of poison resistance (right hand)
 N - an amulet of reflection (around neck)
 P - a ring of protection from fire
Wands
 b - a wand of digging (14)
 x - a wand of charming (36)
 E - a wand of flame (69)
 M - a wand of acid (15)
 R - a wand of roots (19)
 Y - a wand of mindburst (2)
Scrolls
 f - 6 scrolls of blinking
 g - 5 scrolls of brand weapon
 h - 3 scrolls of butterflies
 i - 16 scrolls of teleportation
 j - 4 scrolls of fear
 k - 2 scrolls of silence
 n - 4 scrolls of fog
 o - 6 scrolls of vulnerability
 p - 4 scrolls of immolation
 r - 6 scrolls of poison
 T - a scroll of magic mapping
Potions
 a - 2 potions of magic
 e - 11 potions of curing
 q - 4 potions of brilliance
 t - 4 potions of resistance
 C - a potion of ambrosia
 G - 5 potions of mutation
 L - 6 potions of attraction
 O - 7 potions of lignification
 W - 6 potions of flight
 X - 5 potions of cancellation


   Skills:
 * Level 20.0 Fighting
 + Level 16.7(18.5) Axes
 - Level 11.5(14.5) Polearms
 + Level 17.6 Armour
 + Level 3.9 Dodging
 + Level 18.0 Shields
 + Level 14.6 Invocations


You had 16 spell levels left.
You knew the following spells:

 Your Spells              Type           Power      Damage    Failure   Level
a - Lesser Beckoning      Tloc           0%         N/A       99%         2

Your spell library contained the following spells:

 Spells                   Type           Power      Damage    Failure   Level
 Beastly Appendage        Tmut           0%         N/A       98%         1
 Kiss of Death            Conj/Necr      0%         2d5       98%         1
 Magic Dart               Conj           0%         1d3       98%         1
 Necrotise                Necr           0%         1d4       98%         1
 Sandblast                Erth           0%         2d4       98%         1
 Slow                     Hex            0%         N/A       98%         1
 Summon Small Mammal      Summ           0%         N/A       98%         1
 Call Imp                 Summ           0%         N/A       99%         2
 Ensorcelled Hibernation  Hex/Ice        0%         N/A       99%         2
 Passwall                 Tmut/Erth      0%         N/A       99%         2
 Scorch                   Fire           0%         2d5       99%         2
 Static Discharge         Conj/Air       0%         2-2/arc   99%         2
 Sublimation of Blood     Necr           0%         N/A       99%         2
 Wereblood                Tmut           0%         N/A       99%         2
 Call Canine Familiar     Summ           0%         N/A       100%        3
 Confusing Touch          Hex            0%         N/A       100%        3
 Gell's Gravitas          Tloc           0%         N/A       100%        3
 Hailstorm                Conj/Ice       0%         3d3       100%        3
 Mephitic Cloud           Conj/Pois/Air  0%         N/A       100%        3
 Ozocubu's Armour         Ice            0%         N/A       100%        3
 Spider Form              Tmut/Pois      0%         N/A       100%        3
 Stone Arrow              Conj/Erth      0%         3d7       100%        3
 Summon Guardian Golem    Hex/Summ       0%         N/A       100%        3
 Swiftness                Air            0%         N/A       100%        3
 Teleport Other           Tloc           0%         N/A       100%        3
 Vampiric Draining        Necr           0%         2d6       100%        3
 Airstrike                Air            0%         2d(0-16)  100%        4
 Anguish                  Hex/Necr       0%         N/A       100%        4
 Animate Dead             Necr           0%         N/A       100%        4
 Dispel Undead            Necr           0%         3d6       100%        4
 Flame Wave               Conj/Fire      0%         2d4       100%        4
 Ice Form                 Ice/Tmut       0%         N/A       100%        4
 Petrify                  Tmut/Erth      0%         N/A       100%        4
 Summon Lightning Spire   Summ/Air       0%         N/A       100%        4
 Agony                    Necr           0%         N/A       100%        5
 Borgnjor's Vile Clutch   Necr/Erth      0%         N/A       100%        5
 Irradiate                Conj/Tmut      0%         3d11      100%        5
 Metabolic Englaciation   Hex/Ice        0%         N/A       100%        5
 Summon Forest            Summ/Tloc      0%         N/A       100%        5
 Summon Mana Viper        Hex/Summ       0%         N/A       100%        5
 Death Channel            Necr           0%         N/A       100%        6
 Simulacrum               Ice/Necr       0%         N/A       100%        6
 Summon Cactus Giant      Summ           0%         N/A       100%        6
 Haunt                    Necr/Summ      0%         N/A       100%        7
 Summon Hydra             Summ           0%         N/A       100%        7
 Infestation              Necr           0%         N/A       100%        8


Dungeon Overview and Level Annotations

Branches:
Dungeon (15/15)            Temple (1/1) D:4            Lair (5/5) D:9
  Swamp (4/4) Lair:2        Snake (4/4) Lair:2        Slime (0/5) Lair:5
    Orc (2/2) D:9             Elf (2/3) Orc:2        Vaults (0/5) D:14
 Depths (0/4) D:15

Altars:
Ashenzari
Cheibriados
Dithmenos
Elyvilon
Fedhas
Gozag
Hepliaklqana
Kikubaaqudgha
Makhleb
Nemelex Xobeh
Okawaru
Qazlal
Ru
Sif Muna
Trog
Uskayaw
Vehumet
Wu Jian
Xom
Yredelemnul
Zin
The Shining One
Beogh
Jiyva

Shops:
D:4 [   D:5 *   D:8 :   D:15 !   Orc:1 *   Orc:2 ([[((!=   Snake:2 *

Portals:
Trove: D:13 (show abyssal rune of Zot)

Annotations:
Elf:2 1 runed translucent door, Jorgrun


Message History

The deep elf blademaster hits you with a +0 rapier.
* * * LOW HITPOINT WARNING * * *
The deep elf blademaster hits you with a +0 rapier.
* * * LOW HITPOINT WARNING * * *
Jorgrun casts a spell next to you.
The wall shatters!
The blast of rock fragments hits you.
* * * LOW HITPOINT WARNING * * *
The grasping roots constrict you.
You bump into the rock wall.
The deep elf blademaster hits you but does no damage. x2
Jorgrun points next to you and mumbles some strange words.
Some rock shatters into small pieces.
The grasping roots constrict you.
The deep elf blademaster hits you with a +0 rapier.
* * * LOW HITPOINT WARNING * * *
The deep elf blademaster hits you but does no damage.
You miss the deep elf blademaster.
The deep elf blademaster is moderately wounded.
The deep elf blademaster hits you but does no damage. x2
The grasping roots constrict you.
The roots grasp on you weakens, but your attempt to escape fails.
The deep elf blademaster hits you but does no damage.
The deep elf blademaster hits you with a +0 rapier!
* * * LOW HITPOINT WARNING * * *
Jorgrun hits you with a +0 heavy quarterstaff!
* * * LOW HITPOINT WARNING * * *
The grasping roots constrict you!
* * * LOW HITPOINT WARNING * * *
You are too confused!
You escape the roots grasp.
The deep elf blademaster attacks as you move away!
The deep elf blademaster hits you but does no damage.
The deep elf blademaster hits you with a +0 rapier!
* * * LOW HITPOINT WARNING * * *
You feel less invigorated.
You feel less confused.
The deep elf zephyrmancer gestures wildly while chanting.
The deep elf zephyrmancer blinks!
The deep elf blademaster hits you but does no damage.
The deep elf blademaster hits you with a +0 rapier!
You die...

.# ##..# #...## ##§§§#
.##########...###...#
#§§§#
................#..)##
##e§§#
##############.##....#
#§§§§#
#.##....###g.§§#
#.###....#.e..## #.#
##..)#...##
#.###g##e.)###
#e.@e)§....#
#######....# ######


You could see Jorgrun, a deep elf blademaster and 2 deep elf zephyrmancers.

Vanquished Creatures
  the Lernaean hydra (Swamp:4)
  Nikola (Swamp:3)
  A tentacled monstrosity (Swamp:4)
  3 sphinxes (Elf:2)
  2 acid blobs (Lair:4)
  A thorn hunter (Swamp:4)
  Gastronok (D:11)
  8 nagarajas
  6 azure jellies (Lair:4)
  A rockslime (Lair:4)
  A deep elf sorcerer (Elf:2)
  Aizul (Snake:2)
  An emperor scorpion (D:15)
  An orc warlord (Orc:1)
  A ghoul (Swamp:4)
  Azrael (Snake:2)
  A dire elephant (D:15)
  The ghost of gdog the Covert, a journeyman GnDe of Gozag (Lair:4)
  4 eleionomae
  6 bunyips
  The ghost of suzumiya the Brawler, a journeyman TrGl of Okawaru (Lair:3)
  A fire dragon (Lair:5)
  A shambling mangrove (Swamp:4)
  A great orb of eyes (D:15)
  A deep elf high priest (Elf:1)
  A vault guard (D:14)
  A salamander tyrant (Snake:4)
  A hell beast (Elf:2)
  22 hydras
  A catoblepas (Lair:5)
  10 alligators
  4 centaur warriors
  A two-headed ogre (Orc:1)
  16 dancing weapons
  7 anacondas
  2 ghost crabs
  A boulder beetle (D:9)
  7 death yaks
  9 naga warriors
  4 shock serpents
  7 naga sharpshooters
  6 deep elf knights (Elf:2)
  A skyshark (Lair:3)
  7 spriggans
  5 goliath frogs
  A fire crab (shapeshifter) (D:14)
  6 salamander mystics (Snake:4)
  11 swamp dragons
  10 bog bodies
  A spriggan druid (Swamp:1)
  6 naga ritualists
  An orange crystal statue (D:11)
  7 deep elf archers
  3 lindwurms (Lair:5)
  2 harpies (Elf:2)
  Pikel (D:6)
  An orc knight (Orc:2)
  An orc sorcerer (Elf:2)
  15 deep elf zephyrmancers
  14 deep elf pyromancers
  10 ugly things
  3 cyclopes
  8 will-o-the-wisps
  A centaur zombie (D:10)
  7 salamanders
  An eye of devastation (Lair:4)
  13 manticores
  A black mamba (shapeshifter) (D:14)
  An elephant (Lair:5)
  21 black mambas
  A guardian serpent (Elf:1)
  12 cane toads
  13 naga magi
  2 gargoyles
  7 torpor snails (Lair:5)
  Psyche (D:8)
  An unseen horror zombie (D:10)
  An unseen horror (D:12)
  An efreet (D:15)
  A kobold demonologist (D:11)
  6 rime drakes
  7 komodo dragons
  2 tengu conjurers
  A polar bear (shapeshifter) (D:14)
  12 tyrant leeches
  3 meliai (D:14)
  3 trolls
  15 blink frogs
  16 hornets
  9 dream sheep
  Grinder (D:3)
  3 centaur simulacra
  A shadow (D:12)
  13 slime creatures
  3 wraiths
  An air elemental (Elf:2)
  A culicivora (shapeshifter) (D:15)
  4 basilisks
  A water elemental (Elf:2)
  33 yaks
  A wyvern (Lair:2)
  6 fire elementals
  A fire bat (shapeshifter) (D:15)
  3 steam dragons (D:7)
  14 vampire mosquitoes
  Edmund (D:4)
  A warg (Orc:1)
  A spectral cane toad (Lair:2)
  19 swamp worms
  22 nagas
  19 water moccasins
  3 hell hounds (Elf:2)
  10 swamp drakes
  6 orc warriors
  4 sky beasts (D:7)
  2 ice beasts
  A black bear (D:5)
  17 centaurs
  9 wolves
  7 ogres
  10 kobold brigands
  3 phantoms
  9 bullfrogs
  4 gnoll sergeants
  3 scorpions
  An earth elemental (Elf:2)
  2 wights (D:9)
  5 electric eels
  3 howler monkeys (D:9)
  A lava snake (Snake:2)
  3 orc priests
  4 jellies
  5 hounds
  Ijyb (D:4)
  3 iguanas
  A sleepcap (D:6)
  8 orc wizards
  Robin (D:4)
  14 gnolls
  5 adders
  3 river rats (D:6)
  A white imp (D:7)
  2 ufetubi
  A worm (D:2)
  3 dart slugs
  19 orcs
  6 bats
  6 endoplasms
  3 giant cockroaches
  7 hobgoblins
  9 jackals
  16 kobolds
  12 quokkas
  2 ball pythons (D:1)
  3 frilled lizards
  12 goblins
  10 rats
830 creatures vanquished.

Vanquished Creatures (collateral kills)
  Agnes (Snake:2)
  A fire dragon (Elf:2)
  An ogre mage (D:14)
  2 centaur warriors
  An anaconda (Snake:1)
  A boulder beetle (D:14)
  3 two-headed ogres
  2 naga warriors (Snake:1)
  A naga sharpshooter (Snake:2)
  2 shock serpents
  A skyshark (shapeshifter) (Elf:1)
  3 deep elf pyromancers
  A mana viper (Snake:1)
  A harpy (Elf:2)
  3 deep elf zephyrmancers (Elf:1)
  2 manticores
  A cyclops (D:15)
  2 ugly things
  A wolf spider (shapeshifter) (Elf:1)
  2 elephants
  An orc sorcerer (Orc:1)
  2 guardian serpents
  6 black mambas
  2 naga magi
  3 cane toads
  2 komodo dragons
  A kobold demonologist (D:10)
  2 tengu conjurers
  A polar bear (Lair:3)
  2 trolls (Orc:1)
  A slime creature (D:11)
  2 basilisks
  7 yaks
  2 spectral cane toads (Lair:2)
  2 wargs (Orc:1)
  6 nagas
  An acid dragon (D:11)
  2 water moccasins (Lair:2)
  A black bear (Lair:2)
  A tengu (shapeshifter) (D:14)
  12 orc warriors
  2 wolves
  9 centaurs
  An ogre (D:9)
  A kobold brigand (D:9)
  A bullfrog (D:9)
  2 gnoll sergeants
  2 wights (D:9)
  A howler monkey (D:9)
  2 electric eels
  A gnoll bouda (Orc:1)
  6 orc wizards
  8 gnolls
  12 orcs
139 creatures vanquished.

Vanquished Creatures (others)
  An orc high priest (Elf:2)
  An ogre mage (D:14)
  A dancing weapon (Elf:2)
  An alligator (Swamp:3)
  A naga warrior (Snake:4)
  2 orc sorcerers
  5 orc knights
  A deep elf pyromancer (Elf:2)
  A naga mage (Snake:4)
  3 bloated husks
  9 orc wizards
  22 orc warriors
  A swamp drake (Swamp:4)
  A centaur (Orc:2)
  15 orc priests
  45 orcs
  A kobold (D:4)
  36 foxfires
147 creatures vanquished.

Grand Total: 1116 creatures vanquished

Notes
Turn   | Place    | Note
-------+----------+-------------------------------------------
     0 | D:1      | cheesebisquit the Hill Orc Monk began the quest for the
                  | Orb.
     0 | D:1      | Reached XP level 1. HP: 19/19 MP: 1/1
   132 | D:1      | Found a faded altar of an unknown god.
   163 | D:1      | Reached XP level 2. HP: 18/27 MP: 2/2
   256 | D:1      | Reached skill level 1 in Armour
   366 | D:1      | Reached skill level 4 in Fighting
   414 | D:1      | Reached XP level 3. HP: 32/33 MP: 3/3
   849 | D:2      | Reached skill level 5 in Axes
  1251 | D:2      | Reached XP level 4. HP: 38/40 MP: 4/4
  1550 | D:3      | Found the +5 Force Lance {heavy, knockback}
  1668 | D:3      | Noticed Grinder
  1668 | D:3      | Paralysed by Grinder for 5 turns
  1677 | D:3      | Killed Grinder
  1678 | D:3      | Reached skill level 5 in Fighting
  1678 | D:3      | Reached XP level 5. HP: 48/48 MP: 5/5
  1678 | D:3      | Reached XP level 6. HP: 56/56 MP: 6/6
  1934 | D:3      | Found a broken altar of Ashenzari.
  1943 | D:3      | Found a snail-covered altar of Cheibriados.
  2160 | D:4      | Noticed Robin
  2285 | D:4      | Killed Robin
  2476 | D:4      | Reached XP level 7. HP: 56/61 MP: 7/7
  2511 | D:4      | Found a staircase to the Ecumenical Temple.
  2516 | D:4      | Became a worshipper of Beogh the Brigand
  2516 | D:4      | Reached * piety under Beogh
  2516 | D:4      | Reached ** piety under Beogh
  2565 | D:4      | Found a white marble altar of Elyvilon.
  2569 | Temple   | Entered the Ecumenical Temple
  3089 | D:4      | Found Ocweager's Armour Shop.
  3135 | D:4      | Noticed Edmund
  3143 | D:4      | Killed Edmund
  3144 | D:4      | Reached skill level 6 in Fighting
  3251 | D:4      | Noticed Ijyb
  3256 | D:4      | Killed Ijyb
  3257 | D:4      | Reached skill level 5 in Polearms
  3998 | D:5      | Entered Level 5 of the Dungeon
  4007 | D:5      | Found Uriedeha's General Store.
  4057 | D:5      | Found an ancient bone altar of Kikubaaqudgha.
  4196 | D:5      | Reached XP level 8. HP: 59/71 MP: 8/8
  4293 | D:5      | Found a radiant altar of Vehumet.
  4299 | D:5      | Reached skill level 5 in Armour
  4721 | D:5      | Reached skill level 7 in Fighting
  5195 | D:6      | Noticed Pikel
  5203 | D:6      | Killed Pikel
  5204 | D:6      | Reached XP level 9. HP: 69/79 MP: 9/9
  5350 | D:6      | Reached skill level 8 in Fighting
  6054 | D:6      | Reached *** piety under Beogh
  6073 | D:6      | Identified the staff of cold "Vueqin" {rC+ Dex+5}
  6251 | D:7      | Reached skill level 9 in Fighting
  6251 | D:7      | Reached skill level 10 in Polearms
  6262 | D:7      | Reached XP level 10. HP: 91/91 MP: 10/10
  6317 | D:7      | Found a shadowy altar of Dithmenos.
  6825 | D:8      | Reached **** piety under Beogh
  6882 | D:8      | Found Qiep's Book Boutique.
  6969 | D:8      | Found a sacrificial altar of Ru.
  6970 | D:8      | Found a bloodstained altar of Trog.
  6985 | D:8      | Noticed Psyche
  6990 | D:8      | Killed Psyche
  7035 | D:8      | Found an iron altar of Okawaru.
  7038 | D:8      | Found a hide-covered altar of Uskayaw.
  7041 | D:8      | Found a sparkling altar of Nemelex Xobeh.
  7044 | D:8      | Found a shimmering altar of Xom.
  7073 | D:8      | Found a hazy altar of Hepliaklqana.
  7559 | D:9      | Reached skill level 10 in Fighting
  7631 | D:9      | Gained Beowulf as an ally
  7705 | D:9      | Found a staircase to the Lair.
  7886 | D:9      | Found a transporter.
  7888 | D:9      | Found a transporter.
  7888 | D:9      | Noticed a boulder beetle
  7911 | D:9      | Found a staircase to the Orcish Mines.
  7946 | D:9      | Reached XP level 11. HP: 79/101 MP: 11/11
  7948 | D:9      | Your ally Beowulf died
  7950 | D:9      | Reached skill level 11 in Fighting
  8092 | D:10     | Entered Level 10 of the Dungeon
  8234 | D:10     | Found an opulent altar of Gozag.
  8293 | D:10     | Noticed a two-headed ogre
  8300 | D:10     | Killed a two-headed ogre
  8448 | D:10     | Reached ***** piety under Beogh
  8449 | D:10     | Reached skill level 10 in Armour
  8479 | D:10     | Gained Milork as an ally
  8566 | D:10     | Reached skill level 12 in Fighting
  8574 | D:10     | Found a basalt altar of Yredelemnul.
  8685 | D:10     | Found a glowing silver altar of Zin.
  8935 | D:11     | Noticed a two-headed ogre
  8943 | D:11     | Killed a two-headed ogre
  8946 | D:11     | Gained Bogfrid as an ally
  8983 | D:11     | Noticed an orange crystal statue
  9001 | D:11     | Reached skill level 1 in Shields
  9095 | D:11     | Your ally Bogfrid died
  9253 | D:11     | Noticed a manticore
  9262 | D:11     | Killed a manticore
  9269 | D:11     | Noticed a cyclops
  9271 | D:11     | Noticed a cyclops
  9277 | D:11     | Killed a cyclops
  9285 | D:11     | Killed a cyclops
  9295 | D:11     | Identified the +0 leather armour of Kindness {rCorr}
  9300 | D:11     | Reached skill level 13 in Fighting
  9371 | D:11     | Noticed Gastronok
  9383 | D:11     | Killed Gastronok
  9384 | D:11     | Reached XP level 12. HP: 111/115 MP: 12/12
  9459 | D:11     | Reached skill level 5 in Shields
 10649 | D:9      | Killed a boulder beetle
 10714 | Lair:1   | Entered Level 1 of the Lair of Beasts
 10954 | Lair:1   | Reached skill level 14 in Fighting
 11641 | Lair:2   | Noticed a four-headed hydra
 11646 | Lair:2   | Killed a four-headed hydra
 11646 | Lair:2   | Gained Borgoth as an ally
 11675 | Lair:2   | Reached XP level 13. HP: 115/124 MP: 13/13
 11765 | Lair:2   | Your ally Borgoth died
 11901 | Lair:2   | You fall into a shaft and drop 2 floors!
 11933 | Lair:4   | Reached skill level 10 in Shields
 12101 | Lair:2   | Reached ****** piety under Beogh
 12137 | Lair:2   | Found a staircase to the Snake Pit.
 12216 | Lair:2   | Found a staircase to the Swamp.
 12661 | Lair:3   | Identified the +1 mace of the Pillar {protect, Str+4 Dex+3}
 12755 | Lair:3   | Reached skill level 15 in Fighting
 12775 | Lair:3   | Noticed suzumiya's ghost (journeyman TrGl)
 12802 | Lair:3   | Found a transporter.
 12804 | Lair:3   | Found a transporter.
 12967 | Lair:3   | Identified the +10 hand axe "Concordance" {flame, Int+3}
 13319 | Lair:4   | Reached skill level 1 in Invocations
 13549 | Lair:4   | Found a runed translucent gate.
 13553 | Lair:4   | Found a runed translucent gate.
 13553 | Lair:4   | Found a runed translucent gate.
 13553 | Lair:4   | Noticed an azure jelly
 13553 | Lair:4   | Noticed an azure jelly
 13553 | Lair:4   | Noticed an azure jelly
 13553 | Lair:4   | Noticed an acid blob
 13554 | Lair:4   | Noticed an azure jelly
 13554 | Lair:4   | Noticed gdog's ghost (journeyman GnDe)
 13554 | Lair:4   | Noticed an azure jelly
 13554 | Lair:4   | Noticed a rockslime
 13554 | Lair:4   | Noticed an acid blob
 13555 | Lair:4   | Noticed an azure jelly
 13798 | Lair:4   | Found a viscous altar of Jiyva.
 13950 | Lair:5   | Entered Level 5 of the Lair of Beasts
 14023 | Lair:5   | Identified the +1 hat "Yxueqoinn" {Dex+4}
 14077 | Lair:5   | Identified the +10 shortbow of the Fabulous God {drain,
                  | Int+3}
 14358 | Lair:5   | Reached XP level 14. HP: 135/135 MP: 17/17
 14495 | Lair:5   | Found a viscous altar of Jiyva.
 14504 | Lair:5   | Found a staircase to the Slime Pits.
 14529 | Lair:5   | Reached skill level 5 in Invocations
 14713 | Lair:5   | Gained Garbold as an ally
 14713 | Lair:5   | Gained Wargath as an ally
 14772 | Lair:5   | Your ally Garbold died
 14889 | Lair:5   | Your ally Wargath died
 14890 | Lair:5   | Reached skill level 16 in Fighting
 15004 | Lair:5   | Identified the +9 falchion "Axaazuow" {flame, *Corrode
                  | Str+2 Int+4}
 15350 | Lair:5   | Found a runed translucent door.
 16096 | Orc:1    | Entered Level 1 of the Orcish Mines
 16100 | Orc:1    | Gained Ugbert as an ally
 16100 | Orc:1    | Gained Dorog as an ally
 16102 | Orc:1    | Noticed an orc warlord
 16110 | Orc:1    | Your ally Dorog died
 16125 | Orc:1    | Killed an orc warlord
 16340 | Orc:2    | Entered Level 2 of the Orcish Mines
 16343 | Orc:2    | Found a roughly hewn altar of Beogh.
 16354 | Orc:2    | Found Imimougi's Antique Armour Emporium.
 16358 | Orc:2    | Found Majosaom's Armour Shoppe.
 16364 | Orc:2    | Found a staircase to the Elven Halls.
 16380 | Orc:2    | Found a flickering gateway to a bazaar.
 16392 | Bazaar   | Entered a bazaar
 16392 | Bazaar   | Found Sosicseg's Assorted Antiques.
 16392 | Bazaar   | Found Qepy's Assorted Antiques.
 16392 | Bazaar   | Found Voiste's Book Shoppe.
 16392 | Bazaar   | Found Goamm's Book Shop.
 16395 | Bazaar   | Found Olireg's General Store.
 16395 | Bazaar   | Found Taoshrek's Antique Armour Boutique.
 16414 | Bazaar   | Bought a potion of might for 120 gold pieces
 16414 | Bazaar   | Bought the +4 consecrated labrys {holy, Valiant Fragile Fly
                  | SInv} for 1047 gold pieces
 16414 | Bazaar   | Found the +4 consecrated labrys {holy, Valiant Fragile Fly
                  | SInv}
 16420 | Bazaar   | Bought a glowing cloak for 165 gold pieces
 16446 | Bazaar   | Bought a faintly humming plate armour for 616 gold pieces
 16446 | Bazaar   | Identified the +5 plate armour of Anufuosch {+Blink MP+9}
                  | (You bought it in a shop in a bazaar)
 16514 | Bazaar   | Bought a wand of charming (3) for 115 gold pieces
 16719 | Orc:2    | Gained Murdo as an ally
 16724 | Orc:2    | Your ally Ugbert died
 16733 | Orc:2    | Found Luadim's Antique Weapon Boutique.
 16733 | Orc:2    | Found Loitsubi's Distillery.
 16735 | Orc:2    | Found Tuexkios's Jewellery Shoppe.
 16737 | Orc:2    | Found Laseot's Antique Weapon Shop.
 16740 | Orc:2    | Your ally Murdo died
 16742 | Orc:2    | Gained Thorok as an ally
 16745 | Orc:2    | Gained Grimold as an ally
 16831 | Orc:2    | Bought a potion of curing for 42 gold pieces
 16831 | Orc:2    | Bought 2 potions of heal wounds for 140 gold pieces
 16831 | Orc:2    | Bought a potion of curing for 42 gold pieces
 16831 | Orc:2    | Bought a potion of might for 56 gold pieces
 16950 | Orc:2    | Found Wilanno's Weapon Shop.
 17177 | Orc:1    | Found Xiagy's Assorted Antiques.
 17266 | Orc:1    | Your ally Thorok died
 17461 | Orc:1    | Bought a scroll of blinking for 255 gold pieces
 17614 | Lair:3   | Gained Arbolt as an ally
 17618 | Lair:3   | Killed suzumiya's ghost
 17883 | Orc:2    | Bought a potion of cancellation for 112 gold pieces
 18308 | D:13     | Reached XP level 15. HP: 118/145 MP: 21/21
 18701 | D:13     | Learned a level 2 spell: Lesser Beckoning
 18968 | D:13     | Found a portal to a secret trove of treasure.
 19402 | D:14     | Reached skill level 15 in Armour
 19476 | D:14     | Found a gate to the Vaults.
 19636 | D:14     | Found a white marble altar of Elyvilon.
 20053 | D:15     | Entered Level 15 of the Dungeon
 20066 | D:15     | Gained Jorge as an ally
 20070 | D:15     | Reached skill level 17 in Fighting
 20286 | D:15     | Found Laegog's Distillery.
 20315 | D:15     | Bought a potion of might for 40 gold pieces
 20315 | D:15     | Bought a potion of heal wounds for 50 gold pieces
 20315 | D:15     | Bought a potion of curing for 30 gold pieces
 20315 | D:15     | Bought a potion of berserk rage for 50 gold pieces
 20315 | D:15     | Bought a potion of berserk rage for 50 gold pieces
 20545 | D:15     | Found a staircase to the Depths.
 20545 | D:15     | Paralysed by a great orb of eyes for 3 turns
 20564 | D:15     | Noticed an emperor scorpion
 20569 | D:15     | Killed an emperor scorpion
 20617 | D:15     | Reached skill level 10 in Axes
 21100 | Snake:1  | Entered Level 1 of the Snake Pit
 21155 | Snake:1  | Found a bloodstained altar of Trog.
 21632 | Snake:1  | Reached skill level 10 in Invocations
 22264 | Snake:1  | Reached XP level 16. HP: 100/155 MP: 23/23
 22846 | Snake:2  | Noticed Agnes
 22858 | Snake:2  | Killed Agnes
 23548 | Snake:2  | Noticed a nagaraja
 23552 | Snake:2  | Your ally Jorge died
 23565 | Snake:2  | Killed a nagaraja
 23959 | Snake:2  | Noticed a nagaraja
 23975 | Snake:2  | Killed a nagaraja
 24158 | Snake:2  | Noticed Aizul
 24194 | Snake:2  | Killed Aizul
 24477 | Snake:2  | Noticed Azrael
 24496 | Snake:2  | Killed Azrael
 24614 | Snake:2  | Found Diziex's General Store.
 26079 | Snake:4  | Entered Level 4 of the Snake Pit
 26171 | Snake:4  | Noticed a nagaraja
 27335 | Snake:3  | Killed a nagaraja
 29092 | Snake:4  | Noticed a nagaraja
 29101 | Snake:4  | Killed a nagaraja
 29102 | Snake:4  | Reached skill level 15 in Shields
 29141 | Snake:4  | Reached skill level 18 in Fighting
 29279 | Snake:4  | Noticed a nagaraja
 29525 | Snake:4  | Noticed a nagaraja
 29536 | Snake:4  | Killed a nagaraja
 29554 | Snake:4  | Killed a nagaraja
 29719 | Snake:4  | Reached XP level 17. HP: 117/163 MP: 25/25
 30763 | Snake:4  | Got a serpentine rune of Zot
 31318 | Swamp:1  | Entered Level 1 of the Swamp
 33511 | Swamp:2  | Gained Wulfoc as an ally
 33569 | Swamp:2  | Your ally Wulfoc died
 35812 | Swamp:3  | Noticed Nikola
 35838 | Swamp:3  | Killed Nikola
 35849 | Swamp:3  | Reached skill level 15 in Axes
 36528 | Swamp:4  | Entered Level 4 of the Swamp
 36528 | Swamp:4  | Noticed a tentacled monstrosity
 36532 | Swamp:4  | Killed a tentacled monstrosity
 37536 | Swamp:4  | Reached XP level 18. HP: 173/173 MP: 27/27
 38133 | Swamp:4  | Noticed the 27-headed Lernaean hydra
 38141 | Swamp:4  | Killed the 27-headed Lernaean hydra
 38867 | Swamp:4  | Got a decaying rune of Zot
 40152 | Lair:4   | Reached skill level 19 in Fighting
 40212 | Lair:4   | Killed gdog's ghost
 40853 | Lair:4   | Found a viscous altar of Jiyva.
 41349 | Elf:1    | Entered Level 1 of the Elven Halls
 41813 | Elf:1    | Found the necklace of Bloodlust {Fury *Rage Will++ Int-3
                  | Slay+6}
 43024 | Elf:2    | Paralysed by a sphinx for 2 turns
 43550 | Elf:2    | Found a runed translucent door.
 43584 | Elf:2    | Found a runed translucent door.
 43645 | Elf:2    | Reached XP level 19. HP: 160/183 MP: 29/29
 43946 | Elf:2    | Paralysed by an air elemental for 1 turns
 45503 | Elf:2    | Reached skill level 20 in Fighting
 45503 | Elf:2    | Noticed Jorgrun
 45542 | Elf:2    | HP: 4/185 [deep elf blademaster/+0 rapier (8)]
 45542 | Elf:2    | Mangled by a deep elf blademaster

Illustrated notes

Levels and vault maps discovered:
D:1:      tarquinn_simple_flora_water_f, layout_basic,
          dreamdust_ecumenical_altar_statues
D:2:      layout_rooms
D:3:      layout_basic, mainiacjoe_overflow_swirl, uniq_grinder
D:4:      wad_river_or_something, layout_layer_cave,
          mainiacjoe_overflow_boulevard, minmay_temple_entry_proselytizer,
          kennysheep_windowed_goal, uniq_ijyb, uniq_edmund, uniq_robin
D:5:      layout_basic, mainiacjoe_overflow_tiny_flanked, lemuel_tele_altar,
          serial_shops, nicolae_shop_stone
D:6:      layout_basic, portal_sewer_entry_e, uniq_pikel
D:7:      layout_rooms, nicolae_dithmenos_through_a_glass_darkly, fountainhead,
          minmay_misc_feat_secret_circle, hangedman_misty_isle
D:8:      layout_rooms, nicolae_overflow_hidden_temple,
          grunt_temple_overflow_cloverleaf, serial_shops, shop, uniq_psyche
D:9:      gammafunk_boulding_lane, layout_loops_cross, david_lair_shrubbed,
          kennysheep_orc_monster_closet_entryway, nicolae_titane
D:10:     layout_basic, pdpol_temple_overflow_zin_treasury_gozag_greed,
          lemuel_zombie_altar_yredelemnul
D:11:     layout_cave_pools, serial_column_ruins, column_ruins_hut,
          column_ruins_hut_water, column_ruins_corridor_corner,
          column_ruins_corridor_T, column_ruins_columns_straight,
          column_ruins_corridor_straight, column_ruins_grid_3,
          column_ruins_columns_plus, column_ruins_corridor_straight,
          minmay_misc_feat_chi, minivault_15, minmay_circle_x, uniq_gastronok
D:12:     layout_roguey
D:13:     layout_long_grid, trove_entry_hex_spiral, kennysheep_boxes
D:14:     layout_basic, david_vaults_5, hangedman_abyss_or_decor_lesser_grid,
          st_stairs_3, elyvilon_altar_5
D:15:     hangedman_depths_entry_try_elsewhere_first, layout_irregular_city,
          serial_column_ruins, column_ruins_open_large,
          column_ruins_open_medium, column_ruins_open_medium,
          column_ruins_open_small, serial_shops, nicolae_shop_industrial_runoff,
          minmay_misc_feat_cross, minmay_door_square
Temple:   nicolae_temple_bog_church
Lair:1:   layout_regular_city, grunt_megastairs_2
Lair:2:   layout_misc_corridors, nicolae_swamp_entry_spooky,
          nicolae_snake_entry_squirm, grunt_megastairs_3, serial_bayou_shore_a
Lair:3:   layout_loops_ring, nzn_ghost_randoct
Lair:4:   layout_roguey, enter_volcano_4, gammafunk_ghost_ooze, minmay_holes,
          chequers_serial_rivers_room_b, nicolae_lair_lil_pond
Lair:5:   hangedman_lair_in_review, layout_hall_layers, wormcave,
          minmay_slime_entry_pillars
Swamp:1:  layout_falls_marsh, evilmike_swamp_ruin_house_4
Swamp:2:  layout_basic_swamp, evilmike_swamp_ruin_wall, swamp_pool3
Swamp:3:  layout_basic_swamp, evilmike_swamp_ruin_house_5, uniq_nikola
Swamp:4:  grunt_swamp_rune_castle, layout_basic_swamp, infiniplex_staircase_pool
Snake:1:  layout_basic, basic_altar, grunt_ministairs_2,
          nicolae_snake_gridmaze_swirls, grunt_megastairs_4
Snake:2:  layout_grid_maze, serial_shops, shop, nicolae_snake_shapes,
          uniq_agnes, uniq_aizul, uniq_azrael
Snake:3:  layout_layer_cave
Snake:4:  snake_pit, layout_misc_corridors
Orc:1:    layout_caves, serial_shops, shop
Orc:2:    st_orc_rangers, layout_diamond_mine, basic_altar, serial_shops,
          bzr_firewalk, nicolae_shop_peninsula, shop, nicolae_shop_mannequins
Elf:1:    eino_elf_arrival_customs, layout_geoelf_grid,
          kennysheep_underground_church, fake_guardian_serpent_vault
Elf:2:    nicolae_elf_blades_splatter_lattice
          [nicolae_blade_entry_splitting_headache], layout_gridlike,
          special_room [special_room_mythical_zoo], uniq_jorgrun

Skill      XL: |  1  2  3  4  5  6  7  8  9 10 11 12 13 14 15 16 17 18 19 |
---------------+----------------------------------------------------------+-----
Armour         | 1 3 4 5 7 9 11 12 13 14 15 16 17 | 17.6
Fighting       | 4 5 6 7 9 10 13 14 15 16 17 18 19 20 | 20.0
Axes           | 5 7 11 13 15 16 | 16.7
Polearms       | 3 4 5 7 10 11 | 11.5
Shields        | 4 9 11 13 15 16 17 18 | 18.0
Invocations    | 4 8 10 11 12 14 | 14.6
Dodging        | 3 |  3.9

Action                     |  1- 3 |  4- 6 |  7- 9 | 10-12 | 13-15 | 16-18 | 19-21 || total
---------------------------+-------+-------+-------+-------+-------+-------+-------++-------
  Melee: Hand axe          |   104 |       |       |       |       |       |       ||   104
         Battleaxe         |     8 |    16 |       |       |       |       |       ||    24
         Lance             |       |    63 |   158 |   498 |   654 |       |       ||  1373
         Labrys            |       |       |       |       |   328 |  1186 |   130 ||  1644
  Throw: Dart              |       |     5 |    86 |    25 |    42 |    31 |       ||   189
         Throwing net      |       |       |     2 |       |       |     4 |       ||     6
         Boomerang         |       |       |       |       |    13 |   372 |    27 ||   412
 Invoke: Convert to Beogh  |       |       |     1 |       |       |       |       ||     1
         Recall Orcish Fol |       |       |       |     1 |       |       |       ||     1
         Give Item to Name |       |       |       |       |     1 |       |       ||     1
         Smiting           |       |       |       |       |       |    51 |     2 ||    53
  Evoke: Wand              |       |       |       |       |       |    18 |       ||    18
    Use: Potion            |       |     2 |     3 |     6 |     9 |    30 |     6 ||    56
         Scroll            |       |     5 |     7 |    15 |     8 |    12 |     5 ||    52
   Stab: Paralysed         |       |       |       |     5 |     3 |       |       ||     8
         Distracted        |       |       |       |       |    15 |     4 |     1 ||    20
         Confused          |       |       |       |       |     2 |       |       ||     2
         Petrified         |       |       |       |       |     1 |       |       ||     1
         Held in net/web   |       |       |       |       |       |     4 |       ||     4
 Armour: Robe              |    17 |       |       |       |       |       |       ||    17
         Chain mail        |     1 |    52 |    11 |       |       |       |       ||    64
         Scale mail        |       |       |    21 |    39 |       |       |       ||    60
         Plate armour      |       |       |       |   174 |   539 |   525 |    53 ||  1291
  Dodge: Dodged            |    88 |    22 |    32 |    98 |   219 |   198 |    25 ||   682
  Block: Kite shield       |       |       |       |    82 |   690 |       |       ||   772
         Reflection        |       |       |       |       |    22 |   130 |    17 ||   169
         Tower shield      |       |       |       |       |       |  1327 |   106 ||  1433
